Freya, chaotic female elven Priestess @ Freya the Priestess Experience level: 10 Strength: 25 Dexterity: 12 Constitution: 16 Intelligence: 8 Wisdom: 19 Charisma: 10 Health: 0(81) Energy: 174(174) Def: 14 Gold: 51 Moves: 21751 Dungeon seed: J3_s3KGWU4v9Puw4 Game ID: Freya_1615241099 Your Inventory: Coins $ - 51 gold pieces Amulets V - an amulet of reflection (being worn) Weapons a - a blessed greased +2 mace (weapon in hand) v - a blessed +3 bow (alternate weapon; not wielded) E - 6 blessed +3 arrows J - 2 +0 arrows (in quiver) Armor e - a +0 robe (being worn) n - a +0 small shield (being worn) r - a blessed +3 pair of gauntlets of power (being worn) y - a +0 leather armor (being worn) P - a blessed rusty +1 dwarvish iron helm (being worn) U - a blessed +1 pair of iron shoes (being worn) Comestibles T - 4 tripe rations X - a lizard corpse Scrolls c - a blessed scroll of magic mapping d - a blessed scroll of create monster m - a scroll of teleportation R - a scroll of magic mapping Potions g - a potion of oil I - a blessed potion of extra healing Rings C - a ring of teleport control (on left hand) D - a ring of warning L - a +1 ring of adornment (on right hand) Wands b - a blessed wand of speed monster (0:3) o - a wand of digging (0:4) q - a wand of cold (0:6) t - a wand of light (0:9) A - a wand of teleportation (0:8) B - a wand of cold (0:7) F - a wand of light (0:12) H - a wand of magic missile (0:1) N - a wand of light (0:12) Q - a wand of striking (0:3) W - a wand of slow monster (0:5) Y - a wand of slow monster (0:1) Tools k - 3 wax candles (0:400) l - a skeleton key u - a +0 unicorn horn w - a blindfold x - a partly used wax candle (0:65) K - a magic whistle O - a sack Gems z - a jet stone G - an opal Contents of the sack: 5918 gold pieces 7 scrolls of blank paper 2 cursed scrolls of blank paper a scroll of confuse monster a blessed scroll of create monster a scroll of enchant armor a cursed scroll of enchant weapon a scroll of light a scroll of magic mapping 2 scrolls of scare monster a scroll of teleportation a spellbook of extra healing a spellbook of levitation a potion of acid a potion of booze 3 potions of holy water a potion of object detection a potion of polymorph a potion of see invisible 5 potions of water a ring of invisibility a ring of shock resistance a wand of make invisible (0:6) a wand of probing (0:4) a +0 pick-axe Spells and supernatural/magical abilities: Name Level Category Fail Memory k - knock 1 matter 3% 5% n - detect monsters 1 divination 3% 5% p - protection 1* clerical 3% 0% w - wizard lock 2* matter 17% 0% x - extra healing 3* healing 75% 0% W - pray for help -- divine ? -- X - turn undead -- divine ? -- Your skills at the end: Fighting Skills Weapon Skills mace [Basic] Spellcasting Skills clerical spells [Basic] Final Attributes: You were piously aligned. You were cold resistant. You were sleep resistant. You were poison resistant. You were telepathic. You had infravision. You were adorned. You had teleport control. You were swallowed by an air elemental. You had reflection. You are dead. Vanquished creatures: a green dragon a clay golem a frost giant a queen bee 2 giant mimics 2 giant mummies a black naga a giant zombie a warg a small mimic a glass piercer 5 trolls a gelatinous cube a large dog a freezing sphere a flaming sphere a gargoyle an energy vortex 2 elf mummies 3 human mummies an ettin zombie an incubus 3 chameleons 2 giant beetles 2 quivering blobs 3 cockatrices 2 winter wolf cubs 2 lynxes a panther a gremlin 2 leprechauns an orc-captain an iron piercer 5 giant spiders 2 scorpions 4 horses an ice vortex a black light 2 vampire bats a forest centaur 5 gnome kings an orc mummy 2 brown puddings 3 owlbears 3 yetis 2 werewolves 7 lizards a chickatrice a dog 2 dingos a housecat a jaguar 4 dwarf lords a white unicorn 3 dust vortices 4 ravens a plains centaur a gnome mummy a snake 2 apes 10 human zombies a rope golem 2 soldier ants a fire ant 2 bugbears 2 imps a water nymph a mountain nymph an orc shaman a rock mole a pony a fog cloud 5 yellow lights a shrieker a violet fungus 20 gnome lords 4 gnomish wizards 2 kobold mummies a golden naga hatchling 5 gray oozes an elf zombie a straw golem 2 paper golems 11 giant ants 2 little dogs 9 floating eyes 4 kittens 21 dwarves a homunculus a kobold lord 2 kobold shamans 22 hill orcs 6 rothes a rabid rat a centipede 4 giant bats 3 monkeys 2 orc zombies a wererat a werejackal 7 iguanas 34 killer bees 5 acid blobs 5 coyotes 2 gas spores 5 hobbits 13 manes 9 hobgoblins 9 giant rats 8 cave spiders 4 brown molds 4 yellow molds 2 green molds 2 red molds 62 gnomes 22 garter snakes a gnome zombie 4 geckos 10 jackals a fox 2 kobolds 4 goblins 6 sewer rats 8 grid bugs 4 bats 7 lichens 2 kobold zombies 10 newts 524 creatures vanquished. Voluntary challenges: You used a wielded weapon 709 times, starting on turn 13. You read items or engraved 50 times, starting on turn 669. You never genocided any monsters. You never polymorphed an object. You never changed form. You used no wishes. You split 1 pudding, starting on turn 7177. You wrote Elbereth's name 2 times, starting on turn 12623. You never violated your personal moral code. Dungeon overview: The Dungeons of Doom: levels 1 to 16 Level 1 a fountain a long staircase Level 2 Level 3 an armor shop, a fountain stairs to The Gnomish Mines Level 4 some fountains Level 5 a fountain Level 6 Level 7 some fountains Level 8 many fountains Level 9 stairs to Sokoban Level 10 Level 11 a fountain Level 12 a general store, a sink Level 13 an altar to Offler, a throne Level 14 Level 15 a fountain portal to The Quest Level 16 The Gnomish Mines: levels 4 to 11 Level 4 stairs to The Dungeons of Doom Level 5 Level 6 Level 7 many shops, a temple to The Lady, some fountains, some trees Level 8 Level 9 Level 10 Level 11 <- You were here The Quest: Level 1 portal to The Dungeons of Doom Sokoban: levels 5 to 8 Level 5 Level 6 Level 7 Level 8 stairs to The Dungeons of Doom History has recorded: On T:1 you entered the Dungeons of Doom to retrieve the Amulet of Yendor! On T:248 you reached level 2 of The Dungeons of Doom. On T:661 you advanced to experience level 2. On T:682 you reached level 3 of The Dungeons of Doom. On T:1250 you reached level 4 of The Dungeons of Doom. On T:1396 you advanced to experience level 3. On T:1777 you reached level 1 of The Gnomish Mines. On T:1786 you advanced to experience level 4. On T:1867 you advanced to experience level 5. On T:2057 you reached level 2 of The Gnomish Mines. On T:2156 you advanced to experience level 6. On T:2504 you reached level 3 of The Gnomish Mines. On T:2707 you reached level 4 of The Gnomish Mines. On T:3160 you advanced to experience level 7. On T:3267 you reached level 5 of The Gnomish Mines. On T:5300 you reached level 6 of The Gnomish Mines. On T:5537 you advanced to experience level 8. On T:6010 you reached level 7 of The Gnomish Mines. On T:6706 you reached level 5 of The Dungeons of Doom. On T:7357 you reached level 6 of The Dungeons of Doom. On T:7782 you reached level 7 of The Dungeons of Doom. On T:8750 you reached level 8 of The Dungeons of Doom. On T:8904 you advanced to experience level 9. On T:9394 you reached level 9 of The Dungeons of Doom. On T:9624 you reached level 4 of Sokoban. On T:10095 you reached level 3 of Sokoban. On T:10873 you reached level 2 of Sokoban. On T:11467 you reached level 1 of Sokoban. On T:13779 you reached level 10 of The Dungeons of Doom. On T:14160 you advanced to experience level 10. On T:14383 you reached level 11 of The Dungeons of Doom. On T:14938 you reached level 12 of The Dungeons of Doom. On T:17006 you reached level 13 of The Dungeons of Doom. On T:17517 you reached level 14 of The Dungeons of Doom. On T:18225 you reached level 16 of The Dungeons of Doom. On T:18536 you reached level 15 of The Dungeons of Doom. On T:18973 you reached level 1 of The Quest. On T:21437 you reached level 8 of The Gnomish Mines. Score breakdown: Gold: 5969 (12844 points) Experience: 10 levels (16712 points) Exploration: 16 levels ( 30.19%) (16112 points) Discoveries: 79 items ( 27.62%) (15767 points) Valuables value: (no points given unless you survive) Artifact value: 0 ( 0 points) Variety of kills: 128 monsters ( 33.60%) (17388 points) Turncount: 21751 turns (-3526 points) Survival: died (score multiplied by 80%) Total score: 60237 Latest messages: The rothe hits! The rothe bites! The rothe just misses! The djinni hits the rothe. The rothe is killed! The rothe misses. The rothe bites! (2x) The rothe misses. The rothe bites! The rothe just misses! The rothe hits! The rothe misses. The rothe bites! The air elemental bumps right into you! The rothe hits! The rothe misses. The rothe bites! The air elemental engulfs you! You are pummeled with debris! (3x) You hear some noises. You are pummeled with debris! (2x) You die... Final status: Goodbye Freya the Priestess, killed by an air elemental, while frozen by a spellbook... You died in The Gnomish Mines on dungeon level 11 with 60237 points, and 5969 pieces of gold, after 21751 moves. You were level 10 with a maximum of 81 hit points when you died.